 Dungeon Crawl Stone Soup version 0.20-a0-1124-g2e29d97 (webtiles) character file.

528 Kikal the Ruffian (level 7, -2/61 HPs)
             Began as a Ghoul Monk on May 15, 2017.
             Slain by a sky beast (4 damage)
             ... on level 5 of the Dungeon.
             The game lasted 00:18:47 (4657 turns).

Kikal the Ruffian (Ghoul Monk)                      Turns: 4657, Time: 00:18:48

Health: -2/61      AC:  3    Str: 16    XL:     7   Next: 23%
Magic:  0/6        EV: 13    Int:  6    God:
Gold:   253        SH:  0    Dex: 11    Spells: 6/6 levels left

rFire    + . .     SeeInvis .     - Unarmed
rCold    + . .     Gourm    .   (no shield)
rNeg     + + +     Faith    .   g - +0 leather armour
rPois    ∞         Spirit   +   (no helmet)
rElec    .         Reflect  .   (no cloak)
rCorr    .         Harm     .   (no gloves)
MR       .....                  (no boots)
Stlth    ++........             p - amulet of guardian spirit
Regen    0.0/turn               y - ring of protection from fire
MPRegen  0.1/turn               (no ring)

@: rotting
A: rotting body, claws 1, carnivore 3, cold resistance 1, negative energy
resistance 3, inhibited regeneration, torment resistance, unbreathing
a: no special abilities


You were on level 5 of the Dungeon.
You were not hungry.

You visited 1 branch of the dungeon, and saw 5 of its levels.

You collected 253 gold pieces.

Inventory:

Missiles
 e - 252 stones (quivered)
 r - 3 curare-tipped needles
 t - a throwing net
Armour
 g - a +0 leather armour (worn)
 m - a +0 ring mail
 v - a +0 chain mail
Jewellery
 d - an uncursed amulet of faith {unknown}
 p - an amulet of guardian spirit (around neck)
 y - a ring of protection from fire (left claw)
Scrolls
 c - 2 scrolls of amnesia {unknown}
 f - 2 scrolls of magic mapping {unknown}
 h - 3 scrolls of identify
 i - 2 scrolls of remove curse {unknown}
 j - a scroll of enchant weapon {unknown}
 k - a scroll of fear {unknown}
 l - a scroll of random uselessness {unknown}
 n - 2 scrolls of enchant armour {unknown}
 s - a scroll of teleportation
Potions
 o - 2 potions of curing {unknown}
 q - a potion of haste {unknown}
 u - a potion of might {unknown}
 x - a potion of mutation {unknown}
Comestibles
 b - 2 meat rations


   Skills:
 - Level 5.2 Fighting
 - Level 2.4 Armour
 + Level 3.6 Dodging
 + Level 2.9 Stealth
 - Level 6.1 Unarmed Combat


You had 6 spell levels left.
You didn't know any spells.

Dungeon Overview and Level Annotations

Branches:
Dungeon (5/15)
 Temple: D:4-7

Altars:

Shops:
D:4 }


Innate Abilities, Weirdness & Mutations

Your body is rotting away.
You thrive on raw meat.
You are immune to poison.
You have sharp fingernails.
You are carnivorous and can eat meat at any time.
Your flesh is cold resistant. (rC+)
You are immune to negative energy. (rN+++)
You do not regenerate when monsters are visible.
You are immune to unholy pain and torment.
You can survive without breathing.


Message History

The sky beast barely misses you.
You scratch the sky beast.
The sky beast is moderately wounded.
The sky beast flickers out of sight!
Deactivating autopickup; reactivate with Ctrl-A.
Something hits you.
* * * LOW HITPOINT WARNING * * *
Something shocks you.
* * * LOW HITPOINT WARNING * * *
You take 9 damage, and have 11/61 hp.
Eat a chunk of flesh? (ye/n/q)
You eat the chunk of flesh.
This raw flesh tastes great!
Something hits you.
* * * LOW HITPOINT WARNING * * *
Something shocks you.
* * * LOW HITPOINT WARNING * * *
You take 7 damage, and have 4/61 hp.
You now have 1/6 mp.
You barely miss something. Something hits you.
* * * LOW HITPOINT WARNING * * *
Something shocks you.
You die...

################
#......@..........#
#..[..{......#.##.# #
###..#####...#.#.##.# #.#
.............#.#.##.###.##
........##.).#.#.#........
#.........................
..#..##.##................
....................###.#.
.....##..#..........###.#.


There were no monsters in sight!

Vanquished Creatures
  A hound (D:4)
  3 orc priests
  3 orc wizards
  4 worker ants (D:4)
  11 adders
  A shadow imp (D:5)
  An ooze (D:1)
  3 worms
  2 dart slugs
  3 leopard geckos
  18 orcs
  4 giant cockroaches
  10 goblins
  5 hobgoblins
  3 jackals (D:2)
  3 quokkas
  A ball python (D:3)
  10 bats
  2 frilled lizards
  A jackal zombie (D:4)
  9 kobolds
  A leopard gecko zombie (D:5)
  6 rats
105 creatures vanquished.

Notes
Turn   | Place    | Note
-------+----------+-------------------------------------------
     0 | D:1      | Kikal the Ghoul Monk began the quest for the Orb.
     0 | D:1      | Reached XP level 1. HP: 19/19 MP: 0/0
   209 | D:1      | Reached XP level 2. HP: 25/26 MP: 1/1
   226 | D:1      | Reached skill level 4 in Unarmed Combat
   592 | D:1      | Reached XP level 3. HP: 30/31 MP: 2/2
  1158 | D:2      | Reached skill level 5 in Unarmed Combat
  1242 | D:2      | Reached XP level 4. HP: 18/38 MP: 3/3
  1362 | D:2      | Reached skill level 1 in Armour
  2097 | D:3      | Reached XP level 5. HP: 44/46 MP: 4/4
  3074 | D:4      | Reached XP level 6. HP: 43/53 MP: 3/5
  3473 | D:4      | Reached skill level 6 in Unarmed Combat
  3571 | D:4      | Found Eqafewerph's Gadget Emporium.
  3666 | D:4      | Reached skill level 5 in Fighting
  4044 | D:5      | Entered Level 5 of the Dungeon
  4240 | D:4      | Reached XP level 7. HP: 48/61 MP: 4/6
  4657 | D:5      | HP: 2/61 [something (2)]
  4657 | D:5      | Slain by a sky beast

Vault maps used:
D:1:      kennysheep_arrival_seaside
D:3:      serial_bayou_pond_b
D:4:      first_bread, serial_shops, nicolae_shop_behind_doors

Skill      XL: |  1  2  3  4  5  6 |
---------------+-------------------+-----
Unarmed Combat | 4 5 6 |  6.1
Armour         | 1 2 |  2.4
Fighting       | 4 5 |  5.2
Dodging        | 3 |  3.6
Stealth        | |  2.9

Action                   |  1- 3 |  4- 6 |  7- 9 || total
-------------------------+-------+-------+-------++-------
Melee: Unarmed           |    72 |   276 |    40 ||   388
       Punch             |     1 |     4 |       ||     5
Throw: Stone             |     2 |    11 |       ||    13
  Use: Scroll            |       |       |     2 ||     2
 Stab: Sleeping          |     1 |     3 |       ||     4
  Eat: Chunk             |     4 |    33 |     3 ||    40
Armor: Robe              |     6 |       |       ||     6
       Leather armour    |     3 |    48 |     7 ||    58
Dodge: Dodged            |    31 |   147 |    29 ||   207
